Map: Cyber Forest LE

Players

Mesrob

  • Race: Terran Terran
  • League: Platinum
  • Spawn Location: 11:00

CrstalMethod - Winner!

  • Race: Terran Terran
  • League: Platinum
  • Spawn Location: 5:00

VOD

Have the link to the VOD?

Description

Time

  • Played on: July 10, 2019, 3:42 p.m.
  • Length: 13:34
Show
View Real Time Build Order
Export as new Build Order

Mesrob Terran 

Build Orders: Mech 

Get SALT Encoding   

  12  0:00  SCV  
  13  0:13  SCV  
  14  0:17  Supply Depot  
  14  0:25  SCV  
  15  0:39  SCV  
  15  0:40  Barracks  
  16  0:51  SCV  
  17  1:00  Refinery  
  17  1:05  SCV  
  18  1:17  SCV  
  19  1:31  Orbital Command  
  19  1:40  Marine  
  20  1:53  Command Center  
  19  2:10  Factory  
  19  2:20  Barracks Tech Lab  
  19  2:26  Refinery  
  19  2:31  SCV  
  20  3:00  Bunker  
  20  3:03  SCV  
  20  3:05  Siege Tank  
  24  3:12  Marine  
  24  3:13  Refinery  
  24  3:15  Orbital Command  
  25  3:23  SCV  
  25  3:26  Engineering Bay  
  26  3:32  Armory  
  26  3:35  SCV  
  26  3:38  Factory  
  27  3:53  Supply Depot  
  27  3:55  SCV  
  27  3:57  SCV  
  27  3:59  Marine  
  30  4:06  Siege Tank  
  30  4:08  SCV  
  34  4:16  Supply Depot  
  34  4:26  Factory  
  34  4:28  Marine, Supply Depot  
  35  4:32  Factory Reactor  
  35  4:36  SCV x2  
  37  4:50  Thor  
  43  4:57  Terran Vehicle Weapons Level 1  
  43  5:03  Supply Depot  
  43  5:05  SCV  
  43  5:06  SCV  
  45  5:21  Refinery, SCV x2  
  45  5:25  Hellbat x2, Factory Tech Lab  
  51  5:38  Command Center  
  51  5:42  Supply Depot  
  51  5:45  Armory  
  51  5:47  SCV x2  
  53  5:52  Hellbat  
  55  6:02  Thor  
  61  6:14  Thor  
  61  6:17  SCV  
  68  6:18  SCV  
  69  6:27  Hellbat  
  69  6:28  Hellbat  
  69  6:29  SCV  
  69  6:31  SCV  
  75  6:41  SCV  
  75  6:43  SCV  
  77  6:50  Thor  
  83  6:58  Supply Depot  
  83  7:04  SCV x2  
  85  7:10  Thor  
  85  7:11  Hellion  
  93  7:20  Hellbat  
  93  7:21  Supply Depot  
  95  7:36  Supply Depot  
  95  7:37  Supply Depot  
  95  7:45  Supply Depot, SCV  
  95  7:46  Planetary Fortress  
  95  7:47  SCV  
  95  7:50  Thor  
  103  7:52  Hellbat x2  
  103  7:56  Supply Depot  
  107  7:59  Supply Depot x2  
  107  8:01  Missile Turret  
  107  8:08  Missile Turret  
  107  8:09  Supply Depot  
  107  8:18  Supply Depot  
  107  8:21  Missile Turret  
  107  8:23  SCV x2  
  109  8:28  Missile Turret  
  109  8:29  SCV  
  110  8:35  SCV  
  110  8:36  SCV  
  113  8:41  SCV  
  113  8:47  SCV, Thor x2  
  128  8:48  Hellbat  
  128  8:52  Missile Turret  
  128  8:53  Hellion  
  128  8:58  Supply Depot  
  128  9:08  Hellbat  
  132  9:10  Hellbat  
  132  9:15  Missile Turret  
  132  9:22  Supply Depot  
  132  9:31  Thor x2  
  132  9:33  Hellbat x2  
  148  9:40  Factory  
  148  9:41  Factory  
  148  9:44  Supply Depot  
  148  9:46  Factory  
  148  9:49  Terran Vehicle Weapons Level 2  
  148  9:53  Terran Vehicle And Ship Armor Level 1  
  148  9:59  Hellbat x2  
  152  10:11  SCV  
  152  10:12  SCV x2  
  152  10:13  Supply Depot  
  155  10:16  Refinery  
  155  10:18  Refinery  
  155  10:24  SCV  
  155  10:26  Command Center, Thor  
  162  10:34  Supply Depot  
  162  10:36  Factory Tech Lab, Factory Reactor  
  162  10:37  Factory Tech Lab, Supply Depot  
  160  10:57  Thor  
  160  10:58  Hellbat x2  
  170  11:09  Thor  
  170  11:10  SCV x2  
  170  11:11  SCV  
  179  11:22  SCV  
  179  11:23  SCV  
  181  11:48  Thor  
  181  11:49  Hellbat x2  
  181  11:52  Thor  
  197  11:59  Factory  
  197  12:00  Factory  
  197  12:06  Hellbat  
  89  12:33  Thor x2  
  89  12:34  Thor  
  89  12:35  Hellbat x2  
  89  12:36  Hellbat x2  
  115  12:46  Planetary Fortress  
  115  12:50  Refinery, Thor  
  121  12:52  Factory Reactor  
  121  12:53  Factory Tech Lab  
  121  12:57  Hellbat x4  
  93  13:16  Refinery  
Show
View Real Time Build Order
Export as new Build Order

CrstalMethod Terran - Winner!

Build Orders:  

Get SALT Encoding   

  12  0:04  SCV  
  13  0:17  SCV  
  13  0:19  Supply Depot  
  14  0:29  SCV  
  15  0:41  SCV  
  16  0:43  Barracks  
  16  0:53  SCV  
  17  1:05  SCV  
  17  1:11  Refinery  
  18  1:17  SCV  
  19  1:31  Marine, Supply Depot  
  20  1:33  Orbital Command  
  20  1:38  Bunker  
  20  1:49  Marine  
  21  2:10  Marine  
  21  2:12  Command Center  
  22  2:17  SCV  
  23  2:28  Marine  
  23  2:29  SCV  
  25  2:35  Barracks  
  25  2:42  SCV  
  26  2:46  Marine  
  27  2:54  SCV  
  27  2:58  Refinery  
  28  3:04  Supply Depot  
  28  3:06  SCV  
  28  3:08  Engineering Bay  
  28  3:09  Marine  
  30  3:25  Marine  
  30  3:27  Marine  
  31  3:28  Factory  
  32  3:35  Orbital Command  
  32  3:44  Marine  
  32  3:45  SCV  
  32  3:47  Marine  
  35  3:54  Supply Depot  
  35  3:59  SCV  
  35  4:01  SCV  
  37  4:08  Barracks Tech Lab  
  37  4:09  Barracks Reactor  
  37  4:11  SCV  
  37  4:12  Factory Tech Lab  
  37  4:13  SCV  
  39  4:21  Starport  
  39  4:24  Supply Depot  
  39  4:26  SCV x2  
  39  4:31  Refinery  
  41  4:38  SCV x2  
  43  4:47  Marauder  
  43  4:50  SCV x2  
  43  4:51  Siege Tank  
  50  4:54  Marine x2  
  52  5:01  Supply Depot  
  52  5:02  Terran Infantry Weapons Level 1, SCV  
  52  5:03  SCV  
  52  5:04  Stimpack  
  54  5:12  Marauder, Marine x2  
  58  5:14  Starport Reactor  
  58  5:15  SCV x2  
  60  5:23  Supply Depot  
  60  5:25  Siege Tank  
  60  5:27  SCV x2  
  65  5:33  Refinery  
  65  5:37  Marine  
  65  5:38  Marine  
  65  5:39  Marauder, SCV x2  
  71  5:50  Sensor Tower  
  71  5:51  SCV  
  72  5:59  Viking x2  
  72  6:02  Marine x2  
  72  6:04  Marauder  
  80  6:13  Siege Tank  
  83  6:19  Supply Depot  
  83  6:22  Supply Depot  
  83  6:24  Supply Depot  
  83  6:27  Marine x2  
  85  6:34  Armory  
  85  6:41  Marauder  
  87  6:50  Marine x2, Siege Tank  
  87  6:52  Concussive Shells  
  92  6:57  Terran Infantry Armor Level 1  
  92  7:02  Marauder  
  94  7:15  Supply Depot  
  94  7:17  Supply Depot  
  94  7:18  Marine x2  
  94  7:21  Medivac x2  
  100  7:24  Marauder, Siege Tank  
  105  7:50  Command Center  
  105  7:56  Medivac x2, Siege Tank  
  112  8:03  Terran Ship Weapons Level 1  
  112  8:16  Marine x2  
  112  8:17  Marauder  
  116  8:28  Supply Depot  
  116  8:30  Supply Depot  
  116  8:33  Siege Tank  
  119  8:34  Marine x2  
  119  8:35  Viking x2  
  125  8:44  Marauder  
  127  8:51  Supply Depot  
  127  8:54  Supply Depot  
  127  9:05  Viking x2  
  127  9:06  Starport  
  131  9:10  Orbital Command  
  131  9:20  Missile Turret  
  131  9:22  Siege Tank  
  134  9:30  Marine x2  
  136  9:34  Marauder, Combat Shield  
  136  9:36  Terran Infantry Weapons Level 2  
  138  9:43  Missile Turret  
  138  9:45  Refinery  
  138  9:46  Refinery  
  138  9:49  Starport Reactor  
  138  9:57  Terran Vehicle Weapons Level 1  
  138  10:03  Missile Turret  
  138  10:06  SCV x2  
  140  10:18  SCV  
  140  10:19  SCV  
  142  10:29  Marine x2, Marauder  
  142  10:31  Viking x2  
  142  10:32  Viking x2  
  154  10:35  Siege Tank  
  157  10:47  Marine x2  
  159  10:51  Marauder  
  161  11:07  Siege Tank  
  161  11:08  Supply Depot  
  161  11:09  Supply Depot  
  164  11:13  Viking x2  
  168  11:32  Supply Depot x2  
  168  11:42  Siege Tank  
  171  11:53  Viking x4  
  179  12:14  Siege Tank  
  126  12:32  Marine  
  126  12:33  Marine x2  
  129  12:46  Siege Tank  
  129  12:50  Marine x2  
  129  12:51  Marine, Viking x2  
  135  12:52  Viking x2  
  135  13:08  Marine x3  
Tags
 
Composition
Mech
Matchup
TvT
Race
Terran
Replay Pack
sc2 replays
Spawn Locations
Cross Positions
Add a new tag
Caveats
  • Supply blocks, unpowered buildings, or Contaminate may cause inaccurate times.
  • Supply counts are checked every 10 seconds.